Map: King of Braxis Station

Players

MrFercho

  • Race: Zerg Zerg
  • Spawn Location: 5:00

TATORREA

  • Race: Protoss Protoss
  • Spawn Location: 9:00

tigro

  • Race: Terran Terran
  • Spawn Location: 6:00

XENZOX

  • Race: Protoss Protoss
  • Spawn Location: 3:00

PhoSaurus

  • Race: Terran Terran
  • Spawn Location: 7:00

IA (Élite)

  • Race: Protoss Protoss
  • Spawn Location: 11:00

IA (Élite)

  • Race: Terran Terran
  • Spawn Location: 12:00

IA (Élite)

  • Race: Zerg Zerg
  • Spawn Location: 1:00

VOD

Have the link to the VOD?

Description

Time

  • Played on: April 17, 2020, 8:52 p.m.
  • Length: 31:06
Show
View Real Time Build Order
Export as new Build Order

MrFercho Zerg 

Build Orders: Pool First 

Get SALT Encoding   

  12  0:02  Drone  
  13  0:15  Overlord  
  13  0:31  Drone  
  13  0:35  Drone x2  
  16  0:42  Extractor  
  16  0:43  Drone  
  17  0:57  Drone  
  17  1:16  Spawning Pool  
  16  1:21  Hatchery  
  16  1:22  Drone  
  16  1:24  Drone  
  17  1:42  Drone x2  
  19  1:49  Drone  
  19  1:53  Extractor  
  19  2:07  Hatchery  
  18  2:08  Drone  
  18  2:09  Drone  
  20  2:27  Drone  
  21  2:31  Metabolic Boost  
  21  2:34  Drone  
  22  2:46  Lair  
  22  2:55  Evolution Chamber  
  21  2:59  Zergling x2, Roach Warren  
  21  3:00  Zergling x2  
  22  3:07  Zergling x4  
  22  3:10  Zergling x2  
  25  3:22  Drone  
  25  3:23  Drone x2  
  28  3:38  Overlord, Drone x2  
  30  3:44  Zerg Melee Weapons Level 1  
  30  4:10  Infestation Pit  
  30  4:13  Burrow  
  24  5:06  Spire  
  23  5:09  Spire  
  22  5:17  Roach x2  
  22  5:18  Zergling x2  
  22  5:19  Zergling x4  
  22  5:20  Zergling x2  
  30  5:45  Queen  
  32  6:22  Hive  
  32  6:31  Mutalisk x3  
  38  6:53  Drone x3  
  38  6:54  Drone  
  42  6:59  Overlord x2  
  42  7:00  Overlord x3  
  42  7:11  Glial Reconstitution  
  42  7:15  Hydralisk Den  
  41  7:23  Zerg Flyer Weapons Level 1  
  41  7:44  Hydralisk  
  41  7:45  Hydralisk  
  45  8:13  Hydralisk x2  
  45  8:14  Hydralisk  
  51  8:27  Grooved Spines  
  51  8:33  Hatchery  
  50  9:19  Hatchery  
  50  9:23  Hatchery  
  48  9:38  Muscular Augments  
  48  9:46  Extractor  
  48  9:49  Extractor  
  37  11:02  Mutalisk x7  
  51  11:38  Drone x3  
  54  12:04  Hydralisk x2  
  54  12:05  Hydralisk x6  
  25  13:21  Mutalisk  
  25  13:22  Mutalisk x5  
  12  14:06  Hydralisk  
  12  14:07  Hydralisk x5  
  3  14:48  Drone x3  
  6  15:17  Drone x2  
  8  15:32  Overlord  
  8  15:48  Hatchery  
  7  15:52  Hatchery  
  6  15:58  Drone x3  
  9  16:14  Spawning Pool  
  8  16:37  Drone  
  8  16:38  Drone x2  
  11  17:01  Lair  
  11  17:04  Drone  
  11  17:05  Drone x2  
  14  17:30  Drone  
  14  17:31  Drone x2  
  14  17:33  Drone x4  
  21  18:15  Drone  
  21  18:16  Drone x8  
  30  18:31  Overlord  
  30  18:32  Overlord x2  
  30  19:14  Spire  
  30  19:15  Spire  
  28  19:19  Infestation Pit  
  27  19:24  Drone  
  27  19:25  Drone x4  
  27  19:26  Drone x3  
  27  19:27  Drone  
  36  19:36  Queen  
  38  19:53  Pneumatized Carapace  
  38  20:13  Hive  
  38  20:50  Spore Crawler  
  37  21:00  Spore Crawler  
  37  21:01  Spore Crawler  
  35  21:08  Spore Crawler  
  34  21:12  Spore Crawler x2  
  32  21:29  Corruptor  
  32  21:30  Corruptor x8  
  50  21:43  Greater Spire  
  50  21:46  Zerg Flyer Armor Level 1  
  50  21:52  Adrenal Glands  
  50  22:15  Overseer  
  50  22:17  Overlord  
  50  22:18  Overlord  
  50  22:26  Overlord x3  
  50  22:27  Overlord  
  50  22:45  Hydralisk Den  
  49  22:54  Corruptor  
  49  22:55  Corruptor  
  53  23:30  Corruptor  
  53  23:31  Corruptor  
  57  24:01  Overseer  
  45  24:34  Corruptor x3  
  49  25:43  Zerg Flyer Armor Level 2  
  49  26:03  Extractor  
  48  26:07  Extractor  
  47  26:17  Hatchery  
  47  26:32  Drone  
  47  26:33  Drone x3  
  47  26:35  Drone x2  
  52  26:53  Zerg Flyer Weapons Level 2  
  52  26:59  Corruptor  
  52  27:00  Corruptor x2  
  58  27:24  Brood Lord  
  60  28:10  Spore Crawler  
  60  28:11  Spore Crawler  
  60  28:12  Spore Crawler  
  57  28:13  Spore Crawler  
  57  28:14  Spore Crawler  
  57  28:15  Spore Crawler  
  42  28:21  Spore Crawler  
  42  28:23  Spore Crawler  
Show
View Real Time Build Order
Export as new Build Order

TATORREA Protoss 

Build Orders:  

Get SALT Encoding   

  12  0:09  Probe (Chrono Boost)  
  13  0:21  Probe (Chrono Boost)  
  14  0:57  Pylon  
  14  0:59  Probe  
  14  1:04  Assimilator  
  15  1:06  Assimilator  
  15  1:16  Probe (Chrono Boost)  
  16  1:23  Probe (Chrono Boost)  
  17  1:37  Gateway, Forge  
  17  1:45  Pylon  
  17  1:50  Pylon  
  17  1:52  Probe  
  18  2:05  Probe  
  19  2:18  Probe (Chrono Boost)  
  20  2:28  Probe (Chrono Boost)  
  21  2:33  Probe (Chrono Boost)  
  22  2:50  Cybernetics Core  
  22  2:51  Photon Cannon  
  22  2:53  Photon Cannon  
  22  2:59  Photon Cannon  
  22  3:01  Photon Cannon  
  22  3:16  Zealot  
  24  3:27  Warp Gate  
  24  3:43  Zealot  
  26  3:50  Stargate x2  
  26  3:58  Stargate  
  26  4:10  Zealot  
  26  4:16  Probe  
  29  4:37  Zealot  
  31  5:04  Zealot  
  33  5:31  Stalker  
  22  6:01  Stalker  
  19  6:30  Oracle  
  19  6:32  Sentry  
  24  6:47  Fleet Beacon  
  24  6:58  Sentry  
  26  7:07  Pylon  
  26  7:12  Pylon  
  26  7:16  Pylon  
  26  7:19  Pylon  
  26  7:23  Pylon  
  26  7:27  Probe (Chrono Boost)  
  28  7:38  Probe (Chrono Boost)  
  28  7:42  Probe (Chrono Boost)  
  18  8:12  Photon Cannon  
  18  8:14  Photon Cannon  
  18  8:15  Photon Cannon  
  18  8:18  Photon Cannon  
  18  8:23  Photon Cannon  
  18  8:26  Photon Cannon  
  19  8:28  Probe (Chrono Boost)  
  19  8:58  Probe (Chrono Boost)  
  20  9:09  Probe (Chrono Boost)  
  21  9:13  Probe (Chrono Boost)  
  22  9:35  Probe (Chrono Boost)  
  24  9:46  Probe (Chrono Boost)  
  24  9:51  Probe (Chrono Boost)  
  25  10:02  Probe (Chrono Boost)  
  26  10:08  Probe (Chrono Boost)  
  27  10:16  Probe (Chrono Boost)  
  28  10:26  Probe (Chrono Boost)  
  29  10:30  Protoss Ground Weapons Level 1 (Chrono Boost)  
  29  10:31  Probe (Chrono Boost)  
  30  10:43  Probe  
  31  10:53  Stalker  
  14  11:37  Photon Cannon  
  11  11:40  Photon Cannon  
  10  12:31  Protoss Ground Armor Level 1  
    22:10  Sentry  
Show
View Real Time Build Order
Export as new Build Order

tigro Terran 

Build Orders:  

Get SALT Encoding   

  12  0:05  SCV  
  13  0:17  SCV  
  14  0:24  Supply Depot  
  14  0:30  Refinery  
  14  0:31  SCV  
  15  0:43  Refinery  
  15  0:46  SCV  
  16  0:59  Barracks  
  16  1:01  SCV  
  17  1:13  SCV  
  18  1:25  SCV  
  19  1:33  Supply Depot  
  19  1:37  SCV  
  20  1:48  Marine  
  20  1:49  SCV  
  22  2:05  Barracks, Marine  
  23  2:11  SCV  
  24  2:23  Marine, SCV  
  26  2:31  Engineering Bay  
  26  2:40  SCV  
  26  2:41  Marine  
  28  2:59  Barracks Tech Lab, Marine  
  29  3:20  Barracks Tech Lab  
  29  3:21  Factory, Missile Turret  
  29  3:23  Marauder  
  31  3:41  Missile Turret  
  31  3:44  Orbital Command  
  31  4:00  Combat Shield  
  31  4:03  Stimpack  
  31  4:05  Supply Depot  
  31  4:15  Marauder  
  33  4:17  Marine  
  34  4:35  Marine, Missile Turret  
  34  4:36  Marauder  
  37  4:41  Factory Tech Lab  
  37  4:52  Command Center  
  37  4:58  Marauder  
  39  5:01  Missile Turret  
  39  5:19  Concussive Shells  
  39  5:32  Missile Turret  
  39  5:35  Hi-Sec Auto Tracking  
  39  5:40  Infernal Pre-Igniter  
  39  5:45  Marine  
  40  5:58  Starport  
  40  6:03  Marine  
  41  6:08  Planetary Fortress  
  41  6:15  Marine  
  42  6:21  Marine  
  43  6:32  Neosteel Armor  
  43  6:33  Marine  
  43  6:35  Missile Turret  
  43  6:38  Marine, Starport Tech Lab  
  45  6:46  Armory  
  45  6:50  Marine  
  46  6:59  Mag-Field Accelerator  
  46  7:00  Missile Turret  
  46  7:02  Medivac  
  48  7:35  Fusion Core  
  48  7:36  Missile Turret  
  48  7:37  Terran Vehicle Weapons Level 1  
  48  8:12  Terran Infantry Armor Level 1  
  48  8:15  Missile Turret  
  48  8:23  Corvid Reactor  
  48  8:46  Missile Turret  
  48  8:56  Missile Turret  
  48  9:05  Siege Tank  
  51  9:12  Starport  
  51  9:23  Marine  
  52  9:26  Marine  
  52  9:31  Terran Vehicle And Ship Armor Level 1  
  53  9:39  Weapon Refit  
  53  9:41  Marine  
  53  9:42  Cloaking Field  
  53  9:44  Marine  
  55  9:59  Marine  
  56  10:02  Marine  
  56  10:06  Terran Infantry Weapons Level 1  
  57  10:09  Missile Turret  
  57  10:12  Missile Turret  
  57  10:16  Marine  
  57  10:19  Marine  
  59  10:34  Marine  
  60  10:37  Marine  
  61  11:05  Starport Tech Lab  
  61  11:25  Terran Ship Weapons Level 1  
  61  11:43  Battlecruiser  
  33  12:29  Missile Turret  
  33  12:35  Missile Turret  
  33  12:47  Terran Infantry Weapons Level 2  
  33  12:50  Battlecruiser  
  39  13:45  Battlecruiser  
  45  13:49  Command Center  
  45  13:57  Marine  
  45  13:59  Marine  
  47  14:15  Marine  
  47  14:16  Missile Turret  
  48  14:17  Marine  
  48  14:20  Rapid Reignition System  
  49  14:33  Marine  
  49  14:35  Marine  
  51  14:39  Medivac  
  53  14:50  Marine  
  54  14:53  Marine  
  55  15:03  Terran Infantry Armor Level 2  
  55  15:08  Marine  
  55  15:11  Marine  
  57  15:17  Advanced Ballistics  
  57  16:21  Battlecruiser  
  57  16:23  Battlecruiser  
  69  16:45  Missile Turret  
  63  18:35  Barracks  
  63  18:39  Planetary Fortress  
  63  19:00  Factory  
  63  19:31  Barracks Tech Lab  
  63  19:41  Missile Turret  
  63  19:46  Missile Turret  
  63  19:58  Raven  
  65  20:00  Battlecruiser  
  65  20:02  Missile Turret  
  71  20:18  Missile Turret  
  71  20:19  Marauder  
  73  20:33  Factory Tech Lab  
  73  20:40  Missile Turret  
  73  20:41  Marauder  
  75  21:02  Marauder, Missile Turret  
  73  21:24  Marauder  
  75  21:30  Battlecruiser  
  81  21:41  Missile Turret  
  81  21:45  Marauder  
  83  21:49  Missile Turret  
  83  22:06  Marauder  
  85  22:14  Missile Turret  
  85  22:28  Marauder  
  85  22:29  Missile Turret  
  85  23:26  Command Center  
  85  23:42  Missile Turret  
  85  23:49  Battlecruiser  
  91  24:39  Planetary Fortress, Refinery  
  91  25:00  Command Center  
  91  25:14  Battlecruiser  
  47  25:32  Marine  
  47  25:35  Marine  
  1  26:54  SCV  
  2  27:06  SCV  
  3  27:18  Engineering Bay, SCV  
  4  27:30  SCV  
  5  27:42  SCV  
  5  27:43  Refinery  
  6  27:54  SCV  
  6  27:55  Missile Turret  
  7  28:05  Marauder  
  9  28:06  SCV  
  10  28:13  Supply Depot  
  10  28:26  Marine, Missile Turret  
  11  28:43  Marine  
  12  28:51  Missile Turret  
  12  29:01  Marine  
  13  29:19  Marine  
  14  29:31  Missile Turret  
  14  29:34  SCV  
  14  29:35  Missile Turret  
  3  30:07  Missile Turret  
Show
View Real Time Build Order
Export as new Build Order

XENZOX Protoss 

Build Orders: Carriers 

Get SALT Encoding   

  12  0:02  Probe  
  13  0:22  Pylon  
  13  0:32  Pylon  
  13  0:33  Probe  
  13  0:34  Pylon  
  14  0:53  Forge  
  14  1:00  Assimilator  
  14  1:03  Probe (Chrono Boost)  
  14  1:04  Assimilator  
  15  1:13  Probe (Chrono Boost)  
  16  1:29  Photon Cannon  
  16  1:31  Photon Cannon  
  16  1:40  Pylon  
  16  2:14  Photon Cannon  
  16  2:24  Photon Cannon  
  16  2:26  Pylon  
  16  2:32  Gateway  
  16  2:40  Photon Cannon  
  16  2:43  Probe (Chrono Boost)  
  17  2:52  Probe (Chrono Boost)  
  18  3:01  Gateway  
  18  3:12  Pylon  
  18  3:19  Photon Cannon  
  18  3:31  Cybernetics Core  
  18  3:44  Photon Cannon  
  18  3:54  Photon Cannon  
  18  4:08  Warp Gate  
  18  4:13  Twilight Council  
  18  4:21  Pylon  
  18  4:23  Probe  
  19  4:35  Probe  
  20  4:41  Pylon  
  20  4:54  Stalker x2  
  24  5:06  Pylon  
  24  5:25  Pylon  
  24  5:33  Stalker  
  26  5:45  Photon Cannon  
  26  5:58  Photon Cannon  
  26  6:03  Stalker  
  28  6:25  Charge  
  28  6:35  Stargate  
  28  6:39  Stargate  
  28  6:43  Photon Cannon  
  28  6:58  Pylon  
  28  7:05  Stalker  
  30  7:09  Stalker  
  32  7:23  Photon Cannon  
  32  7:46  Stalker, Pylon  
  34  7:53  Stalker  
  36  8:12  Blink  
  36  8:33  Fleet Beacon  
  36  8:39  Zealot  
  38  9:03  Robotics Facility  
  38  9:07  Robotics Facility  
  38  9:15  Dark Shrine  
  38  9:29  Zealot  
  40  9:34  Zealot  
  42  9:50  Shield Battery  
  42  9:55  Shield Battery  
  42  10:23  Stalker  
  42  10:28  Stalker  
  46  10:55  Carrier  
  52  11:01  Carrier  
  58  11:21  Stalker  
  58  11:24  Stalker  
  62  12:07  Pylon  
  62  12:16  Carrier  
  62  12:21  Stalker  
  70  12:28  Stalker  
  72  12:43  Robotics Bay  
  72  13:28  Void Ray x2  
  80  14:59  Stalker  
  82  15:00  Stalker  
  82  15:04  Carrier  
  90  15:09  Carrier  
  96  15:53  Anion Pulse-Crystals  
  96  15:58  Stalker  
  96  15:59  Stalker  
  100  16:09  Gateway  
  100  16:12  Pylon  
  100  16:16  Pylon  
  100  16:19  Pylon  
  100  16:27  Pylon  
  100  16:30  Pylon  
  100  16:47  Stalker  
  102  16:57  Unknown  
  102  17:13  Gateway  
  102  17:36  Carrier  
  94  18:40  Stalker  
  96  18:44  Stalker  
  96  18:46  Stalker  
  100  19:13  Photon Cannon  
  100  19:15  Photon Cannon  
  100  19:17  Photon Cannon  
  100  19:19  Photon Cannon  
  100  19:32  Photon Cannon  
  100  19:55  Pylon  
  100  20:01  Photon Cannon  
  100  20:03  Photon Cannon  
  100  20:16  Photon Cannon  
  100  20:45  Stalker x2  
  104  20:54  Stalker  
  106  21:02  Pylon  
  106  21:05  Pylon  
  106  21:36  Pylon  
  106  21:42  Pylon  
  106  21:46  Pylon  
  106  21:48  Stalker  
  106  21:52  Pylon  
  108  22:22  Photon Cannon  
  108  22:25  Photon Cannon  
  108  22:27  Photon Cannon  
  108  22:35  Photon Cannon  
  108  22:52  Stalker x2  
  88  24:15  Carrier  
  88  24:16  Carrier  
  100  24:27  Photon Cannon  
  100  24:29  Photon Cannon  
  100  24:38  Photon Cannon  
  100  24:56  Photon Cannon  
  100  25:22  Templar Archives  
  100  25:45  Mothership (Chrono Boost)  
  108  26:08  Photon Cannon  
  108  26:16  Photon Cannon  
  108  26:56  Photon Cannon  
  108  26:57  Photon Cannon  
  108  27:06  Photon Cannon  
  108  27:11  Pylon  
  108  27:27  Void Ray  
  112  27:31  Void Ray  
  116  28:34  Photon Cannon  
  116  28:36  Photon Cannon  
  116  28:38  Photon Cannon  
  116  28:42  Photon Cannon  
  116  28:51  Photon Cannon  
  116  29:09  Void Ray  
  120  29:16  Void Ray  
  124  30:03  Tempest x2  
  134  30:16  Stalker  
  134  30:17  Stalker  
  138  30:55  Photon Cannon  
  138  30:58  Photon Cannon  
  138  31:02  Photon Cannon  
Show
View Real Time Build Order
Export as new Build Order

PhoSaurus Terran 

Build Orders: Banshee Rush 

Get SALT Encoding   

  12  0:01  SCV  
  14  0:14  SCV  
  14  0:23  Supply Depot  
  14  0:26  SCV  
  15  0:44  SCV  
  15  0:47  Barracks  
  16  0:56  SCV  
  17  1:00  Refinery  
  17  1:08  SCV  
  18  1:14  Refinery  
  18  1:21  SCV  
  19  1:34  Orbital Command  
  19  1:35  Marine  
  20  1:53  Marine  
  21  1:55  Factory  
  21  1:59  SCV  
  22  2:11  Engineering Bay, SCV  
  23  2:18  Supply Depot  
  23  2:26  Barracks Tech Lab  
  23  2:40  SCV  
  23  2:44  Starport, Factory Tech Lab  
  24  2:45  Marine  
  25  2:52  Missile Turret, SCV  
  26  3:03  Widow Mine  
  26  3:04  SCV  
  29  3:07  Missile Turret  
  29  3:09  Supply Depot  
  29  3:16  SCV  
  30  3:24  Missile Turret  
  30  3:27  Starport Tech Lab  
  30  3:28  Supply Depot, SCV  
  31  3:40  SCV  
  32  3:41  Fusion Core  
  32  3:50  Banshee  
  32  3:52  SCV  
  32  3:55  Cloaking Field  
  36  4:04  SCV  
  36  4:06  Supply Depot  
  37  4:14  Bunker  
  37  4:16  Marine  
  39  4:17  SCV  
  39  4:23  Siege Tank  
  42  4:47  Barracks Tech Lab  
  42  4:48  SCV  
  43  4:58  Battlecruiser  
  49  5:01  SCV  
  49  5:05  Supply Depot  
  50  5:13  SCV  
  51  5:25  SCV, Missile Turret  
  51  5:27  Missile Turret  
  52  5:37  SCV  
  52  5:41  Supply Depot  
  53  5:43  Starport  
  53  5:49  SCV  
  54  6:01  SCV  
  55  6:14  SCV  
  56  6:25  Starport Tech Lab  
  56  6:26  Starport, SCV  
  57  6:38  SCV  
  55  6:49  Battlecruiser  
  55  6:50  SCV  
  62  6:57  Armory  
  62  6:58  Supply Depot  
  62  7:02  SCV  
  63  7:14  SCV  
  64  7:21  Command Center  
  64  7:23  Command Center  
  64  7:26  SCV  
  64  7:27  Supply Depot  
  64  7:29  Armory  
  56  8:20  Factory  
  55  8:33  Battlecruiser  
  61  8:34  SCV  
  62  8:45  Marine  
  62  8:47  SCV  
  64  8:50  Missile Turret  
  64  8:59  Missile Turret  
  64  9:03  Marine  
  64  9:07  SCV  
  64  9:09  Supply Depot, Weapon Refit  
  66  9:11  Terran Ship Weapons Level 1  
  66  9:19  SCV  
  66  9:20  Missile Turret  
  66  9:21  Marine, Missile Turret  
  68  9:27  Bunker  
  69  9:31  SCV  
  69  9:34  Siege Tank  
  72  9:39  Supply Depot, Marine  
  72  9:43  SCV  
  72  9:44  Missile Turret  
  74  9:45  Starport Tech Lab  
  74  9:47  Missile Turret  
  74  9:50  Orbital Command  
  74  9:55  SCV  
  74  9:56  Marine  
  76  10:07  SCV  
  76  10:08  Barracks  
  76  10:12  Missile Turret  
  77  10:14  Marine  
  77  10:19  SCV  
  79  10:22  Supply Depot  
  79  10:32  Barracks, Marine  
  79  10:33  SCV  
  81  10:43  Terran Vehicle And Ship Armor Level 1  
  81  10:45  Supply Depot x2, SCV  
  81  10:48  Supply Depot  
  82  10:50  Marine  
  83  10:57  SCV  
  84  11:09  SCV  
  85  11:20  Battlecruiser  
  85  11:21  SCV  
  92  11:33  SCV  
  92  11:37  Barracks Reactor, Barracks Tech Lab  
  93  11:45  SCV  
  82  12:07  SCV, Siege Tank  
  86  12:14  Marine x3  
  89  12:19  SCV  
  90  12:24  Barracks  
  90  12:31  SCV  
  90  12:36  Missile Turret  
  89  12:37  Missile Turret  
  89  12:39  Missile Turret  
  89  12:42  Missile Turret  
  88  12:45  Siege Tank  
  88  12:46  SCV  
  92  13:01  SCV  
  93  13:13  SCV  
  93  13:15  Bunker x2  
  93  13:16  Battlecruiser  
  100  13:21  Marine x2  
  100  13:22  Marine x2  
  104  13:32  SCV  
  104  13:33  Starport Tech Lab  
  105  13:36  Missile Turret  
  105  13:39  Marine x3  
  105  13:40  Marine  
  109  13:59  SCV  
  110  14:27  Bunker  
  110  14:31  Missile Turret  
  110  14:33  SCV  
  111  14:39  Bunker  
  111  14:41  Supply Depot  
  111  14:42  Supply Depot, Missile Turret  
  111  14:43  Supply Depot  
  112  14:45  SCV  
  112  14:47  Missile Turret  
  112  14:50  Marine x2  
  112  14:51  Barracks Reactor  
  112  14:52  Marine  
  115  14:57  SCV  
  116  15:01  Missile Turret  
  116  15:04  Supply Depot  
  116  15:06  Missile Turret  
  116  15:07  Orbital Command  
  116  15:08  Marine x2, Missile Turret  
  116  15:09  Marine  
  117  15:26  Battlecruiser  
  123  15:34  SCV  
  124  15:35  SCV  
  124  15:37  Unknown  
  124  15:40  Unknown  
  125  15:43  Unknown  
  125  15:46  SCV  
  125  15:48  SCV  
  125  15:58  SCV  
  125  16:00  SCV  
  122  16:06  Battlecruiser  
  125  16:18  SCV x2  
  118  16:26  Battlecruiser  
  118  16:30  SCV x2  
  126  16:36  Unknown  
  126  16:42  SCV x2  
  128  16:49  Marine  
  128  16:50  Marine x2  
  128  16:51  Sensor Tower  
  131  16:54  SCV x2  
  133  17:06  SCV x2  
  135  17:18  SCV x2  
  135  17:20  Marine x4  
  135  17:21  Marine  
  142  17:30  SCV  
  142  17:31  SCV  
  144  17:38  Marine  
  144  17:40  Battlecruiser  
  144  17:42  SCV  
  144  17:43  SCV  
  153  17:48  Orbital Command  
  153  17:55  Battlecruiser, SCV  
  160  18:12  Marine x2  
  162  18:13  Siege Tank  
  165  18:30  Battlecruiser  
  165  18:31  SCV x2  
  173  18:37  Starport  
  173  18:38  Starport x2  
  173  18:42  Factory  
  173  18:43  Terran Ship Weapons Level 2  
  173  18:44  Terran Vehicle And Ship Armor Level 2  
  173  18:45  Factory  
  173  18:46  Factory x2  
  173  18:47  Factory  
  173  18:49  Armory  
  173  18:53  Factory  
  173  18:54  Armory  
  173  18:57  Supply Depot x2  
  173  19:00  SCV  
  174  19:03  Missile Turret  
  174  19:13  Bunker  
  174  19:17  Bunker  
  174  19:23  Factory  
  174  19:25  Missile Turret  
  174  19:28  Battlecruiser  
  174  19:29  Battlecruiser  
  186  19:32  Starport Tech Lab x2  
  186  19:33  Starport Tech Lab  
  186  19:47  Missile Turret  
  186  19:53  Battlecruiser x2  
  198  20:05  SCV  
  198  20:07  Terran Vehicle Weapons Level 1  
  199  20:09  SCV  
  199  20:11  Neosteel Armor  
  200  20:18  Engineering Bay  
  200  20:26  Command Center  
  200  20:34  Command Center, Factory Tech Lab  
  200  20:35  Factory Tech Lab  
  200  20:39  Factory Tech Lab  
  200  20:40  Command Center, Factory Tech Lab x3  
  200  20:41  Factory Tech Lab  
  200  21:51  Planetary Fortress  
  200  21:55  Refinery  
  200  22:27  Smart Servos  
  200  22:28  Infernal Pre-Igniter, Drilling Claws  
  200  22:29  Mag-Field Accelerator  
  200  22:30  Terran Vehicle Weapons Level 2  
  200  22:31  Terran Vehicle And Ship Armor Level 3, Terran Ship Weapons Level 3  
  200  22:36  Terran Infantry Armor Level 1, Hi-Sec Auto Tracking  
  200  23:21  Command Center  
  200  23:41  Refinery  
  187  24:18  Battlecruiser x2  
  198  24:27  SCV x3  
  198  24:43  SCV  
  199  25:23  Terran Vehicle Weapons Level 3  
  199  26:07  SCV  
  199  26:10  Planetary Fortress  
  200  27:00  Orbital Command  
  200  27:01  Orbital Command  
  200  27:05  Refinery  
  200  27:38  Starport  
  200  28:15  Starport  
  193  28:44  Battlecruiser  
  199  28:52  Starport  
  198  29:30  Starport  
  195  30:06  Orbital Command  
  195  30:10  Starport  
  195  30:12  Command Center  
  195  30:37  SCV  
  196  30:43  Refinery  
  196  30:44  Refinery  
  196  30:48  Starport  
  196  30:49  SCV  
Show
View Real Time Build Order
Export as new Build Order

IA (Élite) Protoss 

Build Orders: Zealot Archon 

Get SALT Encoding   

  12  0:01  Probe  
  13  0:13  Probe  
  14  0:20  Pylon  
  14  0:25  Probe  
  15  0:34  Probe  
  15  0:42  Probe  
  16  0:47  Assimilator  
  17  0:50  Gateway  
  17  0:52  Probe  
  18  1:00  Pylon, Probe  
  19  1:08  Probe  
  20  1:18  Probe  
  21  1:30  Probe  
  22  1:38  Zealot  
  24  1:41  Cybernetics Core  
  24  1:42  Probe  
  25  1:54  Probe  
  26  2:03  Pylon, Probe  
  27  2:11  Probe  
  27  2:14  Gateway  
  28  2:16  Warp Gate  
  28  2:17  Assimilator  
  28  2:18  Stalker  
  28  2:21  Probe  
  31  2:33  Probe  
  32  2:45  Pylon, Probe  
  32  2:48  Adept  
  35  2:54  Adept  
  35  2:56  Gateway  
  35  3:03  Probe  
  38  3:15  Probe  
  38  3:18  Stalker  
  41  3:21  Adept  
  43  3:27  Probe  
  44  3:39  Probe  
  45  3:46  Adept  
  47  3:53  Pylon  
  47  3:57  Probe  
  47  4:03  Gateway  
  47  4:11  Adept x2, Probe  
  52  4:23  Probe  
  53  4:27  Pylon  
  53  4:36  Probe  
  54  4:45  Adept, Stalker  
  56  4:47  Twilight Council  
  56  4:48  Probe  
  56  4:50  Pylon  
  59  4:56  Forge  
  59  5:00  Probe  
  60  5:08  Stalker  
  60  5:10  Probe  
  63  5:18  Probe  
  63  5:20  Pylon  
  63  5:25  Templar Archives  
  63  5:26  Probe  
  63  5:27  Sentry  
  66  5:34  Photon Cannon  
  67  5:37  Zealot  
  67  5:38  Probe  
  67  5:42  Pylon  
  70  5:46  Robotics Facility  
  70  6:00  Zealot x2  
  74  6:04  High Templar x2  
  74  6:07  Pylon  
  74  6:11  Archon  
  78  6:20  Stalker, Zealot  
  82  6:31  Pylon, High Templar  
  84  6:37  Zealot  
  84  6:38  Observer  
  87  6:41  Zealot  
  89  6:49  Zealot  
  91  6:55  Pylon  
  91  6:57  Zealot  
  93  7:06  High Templar  
  95  7:11  Forge  
  95  7:15  Stalker  
  95  7:16  Archon  
  95  7:22  Pylon  
  97  7:44  High Templar  
  99  8:11  High Templar  
  101  8:21  Stalker  
  101  8:23  Archon  
  103  8:27  Photon Cannon  
  103  8:38  Pylon  
  102  8:49  High Templar  
  104  9:00  Photon Cannon  
  104  9:17  High Templar  
  106  9:26  Stalker, Warp Prism  
  110  9:32  Archon  
  110  9:34  Zealot  
  110  9:35  Zealot  
  110  9:36  Gateway  
  112  9:43  Zealot  
  112  9:45  Pylon  
  102  9:49  Zealot  
  104  9:54  High Templar  
  104  9:55  Zealot  
  104  9:59  Zealot  
  106  10:09  Zealot  
  108  10:15  Zealot  
  108  10:19  Zealot  
  112  10:27  High Templar  
  112  10:30  Zealot  
  112  10:31  Stalker  
  114  10:40  Stalker  
  116  10:58  Sentry  
  118  11:15  Gateway  
  117  11:24  Psionic Storm  
  117  11:53  Protoss Ground Weapons Level 1  
  117  11:56  Zealot x3  
  117  11:57  Zealot x2  
  127  12:04  Pylon  
  127  12:09  Zealot  
  127  12:12  Protoss Ground Armor Level 1  
  129  12:16  Zealot  
  131  12:23  Stalker  
  131  12:28  Pylon  
  133  12:31  Stalker  
  135  12:41  Stalker  
  137  12:50  Stalker  
  139  12:51  Pylon  
  139  12:57  Nexus  
  139  13:09  Warp Prism  
  137  13:16  Pylon  
  137  13:19  Stalker  
  135  13:27  Stalker  
  137  13:36  Archon  
  137  13:40  Immortal  
  137  13:46  Sentry  
  143  13:50  Photon Cannon  
  143  14:10  Probe  
  143  14:11  Probe  
  143  14:13  Immortal  
  145  14:23  Probe  
  145  14:24  Probe  
  150  14:35  Probe  
  150  14:47  Probe  
  151  14:59  Probe  
  152  15:11  Probe  
  152  15:20  Stalker  
  152  15:21  Stalker  
  152  15:23  Probe  
  145  15:28  Stalker  
  145  15:35  Probe  
  148  15:37  Stalker  
  150  15:45  Probe  
  150  15:47  Stalker  
  153  15:53  Probe  
  153  15:54  Zealot  
  153  15:56  Stalker  
  151  15:58  Zealot  
  151  16:00  Zealot  
  151  16:01  Probe, Zealot  
  144  16:10  Zealot  
  135  16:11  Nexus  
  135  16:14  Stalker  
  135  16:16  Stargate  
  125  16:18  High Templar  
  125  16:19  Zealot  
  125  16:21  Pylon, Zealot  
  125  16:22  Assimilator, Zealot  
  113  16:27  Assimilator  
  113  16:30  Zealot  
  99  16:37  Zealot  
  99  16:39  Zealot  
  101  16:41  Zealot  
  101  16:42  Zealot  
  101  16:45  Probe  
  106  16:50  Zealot  
  106  16:51  Zealot  
  110  16:55  Void Ray  
  110  16:57  Probe  
  110  16:58  High Templar  
  117  17:09  Stalker, Probe  
  120  17:17  Archon  
  120  17:21  Probe  
  121  17:23  Probe  
  122  17:33  Probe  
  123  17:38  High Templar  
  125  18:05  High Templar  
  127  18:19  Archon  
  127  18:31  High Templar  
  129  18:37  Photon Cannon  
  129  18:41  Pylon  
  129  18:46  High Templar  
  131  18:54  Sentry  
  131  18:55  Probe  
  133  18:59  Stalker  
  133  19:00  Archon  
  133  19:02  Photon Cannon  
  135  19:04  Photon Cannon  
  135  19:14  High Templar  
  137  19:17  Photon Cannon, Probe  
  137  19:18  Probe  
  137  19:20  Photon Cannon  
  117  19:30  Probe  
  113  19:35  High Templar  
  114  19:42  Probe  
  114  19:44  Stalker  
  117  19:52  Pylon  
  117  19:53  Stalker  
  117  19:54  Probe  
  117  19:58  Archon  
  120  20:06  Probe  
  121  20:18  Probe  
  121  20:19  Gateway  
  122  20:21  High Templar  
  123  20:30  Probe  
  124  20:42  Probe  
  125  20:47  Photon Cannon  
  119  20:50  High Templar  
  119  20:54  Probe  
  98  21:06  Probe  
  98  21:07  Zealot  
  98  21:08  Zealot  
  98  21:09  Zealot x2  
  98  21:10  Zealot  
  87  21:13  Zealot  
  77  21:18  Probe  
  77  21:22  High Templar, Zealot  
  80  21:27  Zealot  
  80  21:29  Zealot x2  
  80  21:30  Adept  
  79  21:34  Zealot  
  62  21:42  Zealot  
  35  21:47  Zealot  
  35  21:49  Zealot  
  35  21:50  Zealot x2  
  35  21:51  Zealot  
  28  22:05  Zealot  
  23  22:10  Zealot  
  23  22:12  Zealot  
  23  22:15  Zealot  
  17  22:32  Zealot  
  7  22:37  Pylon  
  7  22:39  Cybernetics Core  
  2  22:46  Pylon  
Show
View Real Time Build Order
Export as new Build Order

IA (Élite) Terran 

Build Orders:  

Get SALT Encoding   

  12  0:01  SCV  
  13  0:13  SCV  
  14  0:19  Supply Depot  
  14  0:25  SCV  
  15  0:40  SCV  
  16  0:45  Barracks  
  16  0:52  SCV  
  17  1:05  SCV  
  18  1:15  Supply Depot  
  18  1:17  SCV  
  19  1:20  Refinery  
  19  1:29  SCV  
  20  1:32  Marine  
  21  1:41  SCV  
  22  1:49  Barracks  
  22  1:50  Marine  
  22  1:53  SCV  
  24  1:55  Refinery  
  24  2:04  Supply Depot  
  24  2:05  SCV  
  24  2:08  Marine  
  26  2:18  SCV  
  27  2:26  Marine  
  27  2:29  Factory  
  28  2:30  SCV  
  28  2:35  Marine  
  30  2:42  SCV  
  30  2:44  Marine  
  32  2:53  Marine  
  32  2:54  SCV  
  34  3:02  Marine  
  35  3:06  SCV  
  35  3:11  Marine  
  37  3:18  SCV  
  38  3:22  Factory Tech Lab  
  38  3:30  SCV  
  38  3:32  Supply Depot  
  39  3:39  Starport  
  39  3:54  Marine x2, SCV  
  42  4:00  Barracks  
  42  4:06  SCV  
  42  4:09  Supply Depot  
  40  4:11  Marine  
  40  4:12  Marine  
  33  4:18  SCV  
  33  4:29  Marine  
  33  4:30  Marine, SCV  
  33  4:47  Marine x2  
  17  6:05  Supply Depot  
Show
View Real Time Build Order
Export as new Build Order

IA (Élite) Zerg 

Build Orders: 1 Base Baneling Bust, Pool Only 

Get SALT Encoding   

  12  0:01  Drone  
  13  0:12  Overlord  
  13  0:17  Drone  
  14  0:30  Drone  
  15  0:40  Spawning Pool  
  15  0:41  Drone  
  15  0:44  Drone  
  15  0:49  Drone  
  17  0:50  Extractor  
  17  0:55  Drone  
  17  1:06  Drone  
  18  1:16  Drone  
  19  1:27  Queen  
  19  1:29  Zergling x2  
  19  1:30  Roach Warren  
  21  1:38  Overlord  
  21  1:49  Drone  
  22  1:59  Overlord  
  22  2:10  Roach  
  24  2:21  Roach  
  26  2:31  Roach  
  26  2:34  Overlord, Roach x2  
  32  2:43  Roach  
  34  2:54  Roach  
  36  3:05  Roach  
  38  3:06  Roach x3  
  44  3:16  Overlord  
  44  3:27  Roach  
  46  3:37  Overlord, Drone  
  46  3:38  Roach, Drone  
  50  3:49  Roach  
  50  3:52  Extractor  
  51  4:00  Zergling x2  
  52  4:08  Lair, Drone  
  52  4:09  Zergling x2, Overlord  
  53  4:11  Roach  
  53  4:22  Drone  
  54  4:33  Drone  
  55  4:41  Drone  
  55  4:42  Drone x2  
  55  4:45  Drone  
  59  4:55  Drone  
  60  5:05  Overseer  
  60  5:08  Hydralisk Den  
  60  5:09  Drone  
  60  5:19  Evolution Chamber  
  60  5:20  Overlord, Drone  
  60  5:21  Infestation Pit  
  60  5:23  Drone  
  60  5:36  Evolution Chamber  
  60  5:37  Hydralisk  
  60  5:38  Drone  
  62  5:46  Hydralisk  
  64  5:56  Hydralisk  
  66  5:58  Infestor  
  68  6:05  Hydralisk  
  68  6:07  Overlord  
  70  6:16  Zergling x2  
  71  6:33  Infestor  
  73  6:48  Overlord, Roach x3  
  73  6:51  Roach  
  81  6:56  Roach  
  83  7:05  Roach  
  85  7:09  Overlord  
  85  7:19  Zerg Missile Weapons Level 1  
  85  7:32  Zergling x6  
  85  7:34  Zergling x2  
  87  7:38  Baneling Nest  
  72  7:45  Drone  
  66  7:51  Zergling x2  
  66  7:52  Zergling x2, Roach  
  66  7:56  Evolution Chamber, Hydralisk  
  65  8:07  Hydralisk  
  67  8:17  Hydralisk  
  65  8:21  Baneling x2  
  65  8:23  Drone, Hydralisk  
  62  8:30  Roach  
  62  8:50  Overseer  
  62  9:01  Infestor  
  64  9:06  Baneling  
  64  9:14  Baneling  
  64  9:15  Roach  
  64  9:16  Spine Crawler  
  65  9:17  Drone  
  65  9:20  Roach  
  70  9:24  Roach  
  70  9:28  Roach  
  72  9:33  Zergling x4, Roach  
  72  9:38  Zergling x2  
  72  9:45  Queen  
  54  9:48  Hydralisk  
  44  9:58  Zergling x4, Roach  
  41  10:00  Drone  
  41  10:11  Drone  
  32  10:22  Zergling x2  
  31  10:32  Zergling x2  
Tags
 
Add a new tag
Caveats
  • Supply blocks, unpowered buildings, or Contaminate may cause inaccurate times.
  • Supply counts are checked every 10 seconds.